 Dungeon Crawl Stone Soup version 0.20-a0-556-g892c87b (console) character file.

409 Goblin1989 the Chopper (level 6, 0/47 HPs)
             Began as a Barachian Fighter on Feb 4, 2017.
             Was an Initiate of Gozag.
             Slain by a gnoll
             ... wielding a +0 halberd
              (2 damage)
             ... on level 4 of the Dungeon.
             The game lasted 00:09:06 (3353 turns).

Goblin1989 the Chopper (Barachian Fighter)          Turns: 3353, Time: 00:09:07

Health: 0/47       AC:  9    Str: 16    XL:     6   Next: 89%
Magic:  6/6        EV:  6    Int:  9    God:    Gozag
Gold:   326        SH:  8    Dex: 11    Spells: 5/5 levels left

rFire    . . .     SeeInvis .   a - +0 war axe
rCold    . . .     Gourm    .   b - +0 scale mail
rNeg     . . .     Faith    .   c - +0 shield
rPois    .         Spirit   .   (no helmet)
rElec    .         Reflect  .   i - +0 cloak
rCorr    .         Harm     .   m - +0 pair of gloves
MR       .....                  (no boots)
Stlth    ..........             (no amulet)
Regen    0.2/turn               (no ring)
                                g - +3 ring of intelligence

@: gold aura, slow
A: swims, slowness 1, strong legs 1
a: Hop, Potion Petition, Call Merchant, Bribe Branch, Renounce Religion


You were on level 4 of the Dungeon.
You worshipped Gozag.
Gozag was aware of your devotion.
You were not hungry.

You visited 1 branch of the dungeon, and saw 4 of its levels.

You collected 400 gold pieces.
You paid 74 gold pieces to Gozag.

Inventory:

Hand Weapons
 a - a +0 war axe (weapon)
Armour
 b - a +0 scale mail (worn)
 c - a +0 shield (worn)
 i - a +0 cloak (worn)
 m - a +0 pair of gloves (worn)
Jewellery
 g - a +3 ring of intelligence (left hand)
 n - an uncursed ring of wizardry {unknown}
 r - an uncursed ring of stealth {unknown}
 t - an uncursed amulet of the gourmand {unknown}
Scrolls
 d - a scroll of enchant weapon {unknown}
 f - a scroll of fear {unknown}
 o - 3 scrolls of identify {unknown}
 s - 2 scrolls of teleportation {unknown}
 u - a scroll of enchant armour {unknown}
 v - a scroll of magic mapping {unknown}
Potions
 h - 5 potions of agility {unknown}
 l - 3 potions of curing {unknown}
 p - 2 potions of degeneration {unknown}
 q - a potion of heal wounds {unknown}
 w - a potion of haste {unknown}
 x - a potion of might
Comestibles
 e - 2 bread rations {@e1}
 j - 2 meat rations {@e2}


   Skills:
 - Level 3.2 Fighting
 + Level 7.1 Axes
 - Level 3.2 Armour
 - Level 3.0 Shields


You had 5 spell levels left.
You didn't know any spells.

Dungeon Overview and Level Annotations

Branches:
Dungeon (4/15)
 Temple: D:4-7

Altars:
Elyvilon
Fedhas
Gozag
Kikubaaqudgha
Makhleb
Nemelex Xobeh
Trog
Xom
The Shining One
Beogh

Shops:
D:4 :


Innate Abilities, Weirdness & Mutations

You can swim through water.
You cover ground slowly.
You can hop short distances.


Message History

A gnoll comes into view. It is wielding a club.
The gnoll shouts! 2 gnolls come into view.
You see here 8 gold pieces.
You eat the royal jelly.
That royal jelly was delicious!
The gnoll shouts! x2
The gnoll throws a throwing net.
You block the throwing net.
There are monsters nearby!
The gnoll throws a throwing net.
The throwing net hits you.
You become entangled in the net!
You see here a throwing net {!d, =f}.
You tear a large gash into the net.
You struggle against the net.
You struggle against the net.
The gnoll hits you with a club.
You take 3 damage, and have 43/47 hp.
You rip the net and break free!
The gnoll hits you with a club.
You take 6 damage, and have 37/47 hp.
You closely miss the gnoll.
The gnoll hits you from afar with a halberd.
You block the gnoll's attack. The gnoll hits you but does no damage.
You take 4 damage, and have 33/47 hp.
You hit the gnoll.
The gnoll is lightly wounded.
You hit the gnoll. The gnoll barely misses you. You block the gnoll's attack.
The gnoll barely misses you.
You hit the gnoll but do no damage.
The gnoll is moderately wounded.
You hit the gnoll but do no damage. The gnoll closely misses you.
The gnoll hits you but does no damage. The gnoll barely misses you.
You barely miss the gnoll.
The gnoll is moderately wounded.
You barely miss the gnoll.
The gnoll hits you from afar with a halberd.
The gnoll hits you but does no damage. x2
You take 5 damage, and have 28/47 hp.
You are too injured to fight recklessly!
You are too injured to fight recklessly!
You are too injured to fight recklessly!
You are too injured to fight recklessly!
You are too injured to fight recklessly!
You are too injured to fight recklessly!
You are too injured to fight recklessly!
You are too injured to fight recklessly!
You are too injured to fight recklessly!
You are too injured to fight recklessly!
You are too injured to fight recklessly!
You are too injured to fight recklessly!
You are too injured to fight recklessly!
You are too injured to fight recklessly!
You are too injured to fight recklessly!
You are too injured to fight recklessly!
You are too injured to fight recklessly!
You are too injured to fight recklessly!
You are too injured to fight recklessly!
You are too injured to fight recklessly!
Unknown command.
You are too injured to fight recklessly!
You are too injured to fight recklessly!
You are too injured to fight recklessly!
You are too injured to fight recklessly!
You are too injured to fight recklessly!
You are too injured to fight recklessly!
You are too injured to fight recklessly!
You are too injured to fight recklessly!
Unknown command.
You are too injured to fight recklessly!
You slash the gnoll!
The gnoll is almost dead.
You hit the gnoll. You block the gnoll's attack. The gnoll closely misses you.
The gnoll hits you with a club.
You take 4 damage, and have 24/47 hp.
You barely miss the gnoll.
The gnoll is almost dead.
You closely miss the gnoll. The gnoll barely misses you.
The gnoll hits you but does no damage. x2
You hit the gnoll.
You kill the gnoll!
You hit the gnoll. You block the gnoll's attack.
The gnoll hits you but does no damage. You block the gnoll's attack.
The gnoll hits you with a club.
* * * LOW HITPOINT WARNING * * *
The gnoll hits you with a halberd!
* * * LOW HITPOINT WARNING * * *
Things that are here:
5 gold pieces; a club You take 11 damage, and have 13/47 hp.
O_OOPS!!
MASSIVE DAMAGE!!
You hit the gnoll but do no damage. You closely miss the gnoll.
The gnoll hits you with a club.
* * * LOW HITPOINT WARNING * * *
The gnoll hits you with a halberd.
* * * LOW HITPOINT WARNING * * *
The gnoll hits you with a club.
* * * LOW HITPOINT WARNING * * *
You take 11 damage, and have 2/47 hp.
O_OOPS!!
MASSIVE DAMAGE!!
You hit the gnoll.
The gnoll is moderately wounded.
You closely miss the gnoll. The gnoll hits you but does no damage.
The gnoll hits you with a halberd.
You die...
Your body crumbles into a pile of gold.

█. ...███....███.. █.█
█..██...██ █..
█.███...█....█████
█.██.............█
█.█.......).████..
███████.█.........█ ███.
........█$█.......█ █...
.......g.⌂.....█..█ █.██
.......@█.█....█........
......g.█........███...Ψ
................?█ █.█..
.......██........█ . ██.
....... ██....>..... █.
....... █...█.. █..
.......


████ █.≈ ███████ █.⌂ .. You could see 2 gnolls.

Vanquished Creatures
  An eye of draining (D:3)
  2 orc priests (D:3)
  A hound (D:4)
  A bullfrog skeleton (D:4)
  An orc wizard (D:4)
  2 gnolls
  5 adders
  An ooze (D:2)
  6 worms
  3 dart slugs
  3 leopard geckos
  6 orcs
  3 giant cockroaches
  13 goblins
  4 hobgoblins
  6 jackals
  A quokka (D:4)
  3 ball pythons
  4 bats
  3 frilled lizards
  6 kobolds
  6 rats
81 creatures vanquished.

Notes
Turn   | Place    | Note
-------+----------+-------------------------------------------
     0 | D:1      | Goblin1989 the Barachian Fighter began the quest for the Orb.
     0 | D:1      | Reached XP level 1. HP: 18/18 MP: 1/1
   103 | D:1      | Found a sparkling altar of Nemelex Xobeh.
   400 | D:1      | Reached XP level 2. HP: 22/24 MP: 2/2
   767 | D:2      | Reached skill level 3 in Axes
  1140 | D:2      | Reached XP level 3. HP: 24/29 MP: 3/3
  1319 | D:2      | Reached skill level 4 in Axes
  1322 | D:2      | Reached XP level 4. HP: 24/35 MP: 4/4
  1459 | D:2      | Found a glowing golden altar of the Shining One.
  1555 | D:2      | Found a burning altar of Makhleb.
  1943 | D:3      | Reached skill level 5 in Axes
  1943 | D:3      | Reached XP level 5. HP: 13/41 MP: 5/5
  2189 | D:3      | Found a bloodstained altar of Trog.
  2189 | D:3      | Noticed an eye of draining
  2200 | D:3      | Killed an eye of draining
  2200 | D:3      | Reached skill level 6 in Axes
  2200 | D:3      | Reached XP level 6. HP: 40/47 MP: 0/6
  2278 | D:3      | Found an opulent altar of Gozag.
  2291 | D:3      | Became a worshipper of Gozag Ym Sagoz the Greedy
  2383 | D:3      | Found a white marble altar of Elyvilon.
  2437 | D:3      | Found a roughly hewn altar of Beogh.
  2875 | D:3      | Found a shimmering altar of Xom.
  3091 | D:4      | Found an ancient bone altar of Kikubaaqudgha.
  3238 | D:4      | Found Tiecull's Book Shop.
  3324 | D:4      | Found a blossoming altar of Fedhas.
  3330 | D:4      | Reached skill level 7 in Axes
  3352 | D:4      | HP: 2/47 [gnoll/club (6)]
  3353 | D:4      | Slain by a gnoll

Vault maps used:
D:1:      scummos_arrival_checkerplants, nemelex_xobeh_ov_fountains_minmay
D:2:      tso_metal_star, lightli_temple_of_fire, first_bread
D:3:      lemuel_round_altar, nicolae_gozag_cash_rules_everything_around_me,
          lemuel_doored_altar, trog_eyes_of_draining, minmay_misc_feat_rugged,
          kennysheep_orc_chapel
D:4:      lemuel_crystal_altar, kiku_gazebo_pond_becter, serial_shops,
          kennysheep_mini, shop, shop, minmay_goblin_outpost

Skill      XL: |  1  2  3  4  5  6 |
---------------+-------------------+-----
Axes           | 3 4 5 6 7 |  7.1
Fighting       | |  3.2
Armour         | |  3.2
Shields        | |  3.0

Action                   |  1- 3 |  4- 6 || total
-------------------------+-------+-------++-------
Melee: War axe           |   103 |   172 ||   275
  Use: Potion            |       |     1 ||     1
  Eat: Chunk             |     2 |     4 ||     6
       Royal jelly       |       |     2 ||     2
Armor: Scale mail        |    53 |    98 ||   151
Dodge: Dodged            |    33 |    49 ||    82
Block: Shield            |    62 |    96 ||   158

Vault maps used:
D:1:      scummos_arrival_checkerplants, nemelex_xobeh_ov_fountains_minmay
D:2:      tso_metal_star, lightli_temple_of_fire, first_bread
D:3:      lemuel_round_altar, nicolae_gozag_cash_rules_everything_around_me,
          lemuel_doored_altar, trog_eyes_of_draining, minmay_misc_feat_rugged,
          kennysheep_orc_chapel
D:4:      lemuel_crystal_altar, kiku_gazebo_pond_becter, serial_shops,
          kennysheep_mini, shop, shop, minmay_goblin_outpost
